 Dungeon Crawl Stone Soup version 0.31-a0-234-gad7ace16ef (webtiles) character file.

Game seed: 1084864404603554259

112 Ijustatesigmund the Stinger (level 4, 0/28 HPs)
             Began as an Octopode Venom Mage on July 10, 2023.
             Slain by an orc
             ... wielding a +0 mace
              (1 damage)
             ... on level 3 of the Dungeon.
             The game lasted 00:03:45 (2949 turns).

Ijustatesigmund the Stinger (Octopode Venom Mage)   Turns: 2949, Time: 00:03:46

Health: 0/28       AC:  1    Str:  7    XL:     4   Next: 93%
Magic:  7/8        EV: 13    Int: 19    God:
Gold:   161        SH:  0    Dex: 12    Spells: 2/8 levels left

rFire   . . .        i - +0 long sword
rCold   . . .        (no shield)
rNeg    . . .        (helmet restricted)
rPois   .            (no amulet)
rElec   .            (no ring)
rCorr   .            (no ring)
SInv    .            (no ring)
Will    .....        (no ring)
Stlth   +++          (no ring)
HPRegen 0.24/turn    (no ring)
MPRegen 0.11/turn    (no ring)
                     (no ring)

%: no passive effects
@: attractive, hasted, very quick
A: almost no armour, amphibious, 8 rings, camouflage 1, gelatinous body 1,
(nimble swimmer 1), tentacles
a: no special abilities


You were on level 3 of the Dungeon.
You visited 1 branch of the dungeon, and saw 3 of its levels.

You collected 161 gold pieces.

Inventory:

Hand Weapons
 i - a +0 long sword (weapon)
Scrolls
 d - 2 scrolls of immolation {unknown}
 e - a scroll of noise {unknown}
 g - a scroll of brand weapon {unknown}
 j - a scroll of poison {unknown}
 m - a scroll of teleportation {unknown}
 n - a scroll of fear {unknown}
 p - a scroll of vulnerability {unknown}
 q - a scroll of identify {unknown}
Potions
 a - a potion of magic
 b - a potion of heal wounds {unknown}
 c - a potion of brilliance {unknown}
 h - a potion of might {unknown}
 k - a potion of attraction
 l - a potion of enlightenment {unknown}
 o - a potion of berserk rage {unknown}


   Skills:
 - Level 1.1 Fighting
 - Level 2.0 Dodging
 - Level 2.6 Stealth
 + Level 2.9 Spellcasting
 + Level 1.5 Conjurations
 - Level 1.0 Transmutations
 + Level 1.6 Air Magic
 + Level 4.5 Poison Magic


You had 2 spell levels left.
You knew the following spells:

 Your Spells              Type           Power      Damage    Failure   Level
a - Sting                 Tmut/Pois      52%        1d5       4%          1
b - Poisonous Vapours     Pois/Air       28%        N/A       7%          2
c - Mephitic Cloud        Conj/Pois/Air  12%        N/A       16%         3

Your spell library contained the following spells:

 Spells                   Type           Power      Damage    Failure   Level
 Olgreb's Toxic Radiance  Pois           20%        N/A       24%         4


Dungeon Overview and Level Annotations

Branches:
Dungeon (3/15)

Altars:


Innate Abilities, Weirdness & Mutations

You cannot wear most types of armour.
You are amphibious.
You can wear up to eight rings at the same time.
Your skin changes colour to match your surroundings (Stealth+).
Your rubbery body absorbs attacks. (AC +1, EV +1)
((You are camouflaged when in or above water. (Stealth+)))
You have tentacles for arms and can constrict up to eight enemies at once.


Message History

You slash the orc!
You kill the orc!
An orc comes into view. It is wielding a +0 mace.
A rat comes into view.
The orc closely misses you.
You hit the orc. You grab the orc.
The orc is heavily wounded.
You constrict the orc, but do no damage.
The orc hits you with a +0 flail.
You hit the orc.
You kill the orc!
You hit the orc. Your grab misses the orc. Your squeeze misses the orc.
The orc is moderately wounded.
The orc hits you with a +0 mace. The rat bites you.
The orc hits you with a +0 mace. The rat closely misses you.
You closely miss the orc. You grab the orc.
The orc is moderately wounded.
You constrict the orc, but do no damage.
The orc hits you with a +0 mace.
* * * LOW HITPOINT WARNING * * *
The rat closely misses you.
It was a potion of attraction.
You feel attractive to monsters.
You constrict the orc, but do no damage.
The orc closely misses you. The rat barely misses you.
Okay, then.
Casting: Poisonous Vapours (safe; 7% risk of failure)
Confirm with . or Enter, or press ? or * to list all spells.
Aiming: Sting (safe; 4% risk of failure)
Press: ? - help, Shift-Dir - straight line, f - orc
Aim: an orc, wielding a +0 mace and wearing a +0 leather armour (moderately wounded, constricted by you, 100% to hit)
The sting hits the orc but does no damage.
The orc is poisoned.
The orc is moderately wounded.
You constrict the orc. The orc hits you with a +0 mace!
* * * LOW HITPOINT WARNING * * *
The rat closely misses you.
It was a potion of haste.
You feel yourself speed up.
You constrict the orc. The orc hits you with a +0 mace.
You die...

###....# .......#
#.....+ #.....#######
#...........#######
#.#...................
#.......)....?# ......
#.)...†...##.....
#.@####.......... #ro#
#...†...#? #...
#.......# #...#
#.......#
....+.#.......#
+#...#.........#
..............#
..............#
........##..#


You could see an orc (poisoned) and a rat.

Vanquished Creatures
  2 adders (D:2)
  3 gnolls
  2 worms (D:2)
  3 orcs (D:3)
  3 bats
  6 endoplasms
  4 giant cockroaches (D:1)
  3 hobgoblins (D:2)
  4 jackals
  2 quokkas (D:1)
  9 ball pythons
  A frilled lizard (D:1)
  5 goblins
  3 kobolds
  5 rats
55 creatures vanquished.

Notes
Turn   | Place    | Note
-------+----------+-------------------------------------------
     0 | D:1      | Ijustatesigmund the Octopode Venom Mage began the quest for
                  | the Orb.
     0 | D:1      | Reached XP level 1. HP: 11/11 MP: 3/3
   125 | D:1      | Reached XP level 2. HP: 8/18 MP: 3/5
   128 | D:1      | Learned a level 2 spell: Poisonous Vapours
   474 | D:1      | Reached skill level 4 in Poison Magic
   539 | D:1      | Reached skill level 1 in Fighting
   720 | D:1      | Reached XP level 3. HP: 16/23 MP: 1/6
   724 | D:1      | Learned a level 3 spell: Mephitic Cloud
  1059 | D:1      | Found a faded altar of an unknown god.
  1445 | D:2      | Reached skill level 1 in Air Magic
  2097 | D:2      | Reached XP level 4. HP: 25/28 MP: 1/7
  2168 | D:2      | Reached skill level 1 in Conjurations
  2948 | D:3      | HP: 1/28 [orc/+0 mace (8)]
  2949 | D:3      | Slain by an orc

Illustrated notes

Levels and vault maps discovered:
D:1:      nzn_arrival_crosshair, layout_loops_ring,
          nicolae_ecumenical_lake_church
D:2:      layout_loops_ring
D:3:      layout_basic, chequers_serial_rivers_micro_c

Skill      XL: |  1  2  3  4 |
---------------+-------------+-----
Poison Magic   | 4 |  4.5
Fighting       | 1 |  1.1
Air Magic      | 1 |  1.6
Conjurations   | 1 |  1.5
Dodging        | |  2.0
Stealth        | |  2.6
Spellcasting   | |  2.9
Transmutations | |  1.0

Action                     |  1- 3 |  4- 6 || total
---------------------------+-------+-------++-------
  Melee: Unarmed           |    63 |       ||    63
         Tentacles         |    22 |     4 ||    26
         Constrict         |    19 |     9 ||    28
         Punch             |     1 |       ||     1
         Long sword        |    12 |    26 ||    38
         Mace              |     9 |       ||     9
   Cast: Sting             |    10 |     5 ||    15
         Poisonous Vapours |    27 |     7 ||    34
         Mephitic Cloud    |       |     1 ||     1
    Use: Potion            |       |     2 ||     2
   Stab: Sleeping          |     3 |       ||     3
 Armour: Skin              |     4 |     1 ||     5
  Dodge: Dodged            |    50 |    22 ||    72

Table legend: (Time is in decaauts)
 A = Elapsed time spent in this place.
 B = Non-inter-level travel time spent in this place.
 C = Inter-level travel time spent in this place.
 D = Time resting spent in this place.
 E = Time spent auto-exploring this place.
 F = Levels seen in this place.
 G = Mean time per level.
                   A        B        C        D        E       F      G
               +--------+--------+--------+--------+--------+-----+--------+
         Total |   2968 |   2926 |     42 |    648 |   1869 |   3 |  989.3 |
       Dungeon |   2968 |   2926 |     42 |    648 |   1869 |   3 |  989.3 |
               +--------+--------+--------+--------+--------+-----+--------+

Top non-repeatable levels by time:
     D:1: 1688 daAuts
     D:2: 1144 daAuts
     D:3: 135 daAuts
